 Dungeon Crawl Stone Soup version 0.18.1-48-g4cf74bf (webtiles) character file.

162 Joat the Skirmisher (level 5, 0/45 HPs)
             Began as a Draconian Transmuter on Aug 24, 2016.
             Slain by an orc priest
             ... wielding a +0 short sword
              (4 damage)
             ... on level 3 of the Dungeon.
             The game lasted 00:12:57 (3193 turns).

Joat the Skirmisher (Draconian Transmuter)          Turns: 3193, Time: 00:12:58

Health: 0/45       AC:  5    Str: 12    XL:     5   Next: 19%
Magic:  8/8        EV: 12    Int: 14    God:
Gold:   94         SH:  0    Dex: 12    Spells: 2 memorised, 5 levels left

rFire  . . .     SeeInvis .       - Unarmed
rCold  . . .     Gourm    .     (armour unavailable)
rNeg   . . .     Faith    .     (no shield)
rPois  .         Spirit   .     (helmet restricted)
rElec  .         Dismiss  .     (no cloak)
rCorr  .         Reflect  .     (no gloves)
SustAt .         Harm     .     (no boots)
MR     .....                    (no amulet)
Stlth  +.........               (no ring)
                                (no ring)

@: very slightly contaminated, invisible, not resistant to hostile enchantments,
very unstealthy
A: unfitting armour, cold-blooded, AC +5
a: no special abilities


You were on level 3 of the Dungeon.
You were hungry.

You visited 1 branch of the dungeon, and saw 4 of its levels.

You collected 94 gold pieces.

Inventory:

Missiles
 a - 12 arrows
Armour
 k - a +0 shield
Jewellery
 e - an uncursed ring of ice
Scrolls
 d - a scroll of fog
 g - a scroll of remove curse
 n - a scroll of noise
 s - a scroll of enchant armour
Potions
 m - a potion of magic
 o - a potion of flight
 q - 2 potions of curing
Books
 b - a book of Changes

   Spells                             Type                      Level
   a - Beastly Appendage              Transmutation                1
   b - Sticks to Snakes               Transmutation                2
   c - Spider Form                    Transmutation/Poison         3
   d - Ice Form                       Ice/Transmutation            4
   e - Blade Hands                    Transmutation                5
Comestibles
 c - a bread ration
 j - a slice of pizza
 l - a meat ration
 p - 12 fruits
 r - 6 chunks of flesh


   Skills:
 + Level 3.4 Fighting
 + Level 2.5 Dodging
 + Level 3.3 Unarmed Combat
 + Level 2.5 Spellcasting
 + Level 2.6 Transmutations
 * Level 1.4 Poison Magic


You had 5 spell levels left.
You knew the following spells:

 Your Spells              Type           Power        Failure   Level  Hunger
q - Beastly Appendage     Trmt           #.....       10%         1    #......
v - Spider Form           Trmt/Pois      #.........   30%         3    ###....


Dungeon Overview and Level Annotations

Branches:
Dungeon (4/15)
 Temple: D:4-7

Altars:


Innate Abilities, Weirdness & Mutations

Your plain brown scales are hard (AC +5).
Your body does not fit into most forms of armour.
You are cold-blooded and may be slowed by cold attacks.


Message History

The worm barely misses you.
You are very lightly contaminated with residual magic.
Things that are here:
a mace; a leather armour
There is an open door here.
You see here a giant cockroach corpse.
You hit the orc priest.
The orc priest is moderately wounded.
The orc priest closely misses you.
You hit the orc priest but do no damage.
The orc priest is moderately wounded.
The orc priest hits you with a short sword.
* * * LOW HITPOINT WARNING * * *
You barely miss the orc priest.
The orc priest is moderately wounded.
The orc priest closely misses you.
You hit the orc priest but do no damage.
The orc priest is moderately wounded.
The orc priest hits you with a short sword.
You die...

#.#.##............#
...........
#.#.##............#
..........
..#.##.(..........#
#.(.?.....
###..).(..........#
#.........
####............#
#.>.......
#.......)....#.###'########
#.........)..#.....).......
##'#######w#######.########
#........@...............
#######..o........#######
###.######### #.# #.# #.#
#.# #.#


You could see a worm and an orc priest.

Vanquished Creatures
  An orc wizard (D:3)
  4 adders (D:2)
  A worm (D:2)
  3 dart slugs
  A giant gecko (D:3)
  7 orcs (D:3)
  A ball python (D:3)
  6 giant cockroaches
  6 goblins
  13 hobgoblins
  6 jackals
  2 quokkas
  5 bats
  2 giant newts
  8 kobolds
  11 rats
77 creatures vanquished.

Notes
Turn   | Place    | Note
--------------------------------------------------------------
     0 | D:1      | Joat the Draconian Transmuter began the quest for the Orb.
     0 | D:1      | Reached XP level 1. HP: 16/16 MP: 3/3
   103 | D:1      | Reached XP level 2. HP: 7/25 MP: 5/5
   622 | D:1      | Reached XP level 3. HP: 30/30 MP: 6/6
   627 | D:1      | Learned a level 3 spell: Spider Form
  1830 | D:2      | Reached XP level 4. HP: 30/38 MP: 7/7
  2002 | D:2      | Reached skill level 1 in Poison Magic
  2739 | D:3      | Reached XP level 5. HP: 26/45 MP: 8/8
  3023 | D:3      | Found a faded altar to an unknown god.
  3158 | D:3      | HP: 1/45 [orc/mace (10)]
  3193 | D:3      | Slain by an orc priest

Skill      XL: |  1  2  3  4 |
---------------+-------------+-----
Fighting       | 2 3 |  3.4
Dodging        | 2 |  2.5
Poison Magic   | 1 |  1.4
Unarmed Combat | |  3.3
Spellcasting   | |  2.5
Transmutations | |  2.6

Action                   |  1- 3 |  4- 6 || total
-------------------------+-------+-------++-------
Melee: Unarmed           |   179 |   197 ||   376
       Tailslap          |    19 |    23 ||    42
       Punch             |     1 |     2 ||     3
       Dagger            |       |    16 ||    16
       Headbutt          |       |     3 ||     3
 Cast: Beastly Appendage |       |     1 ||     1
  Use: Scroll            |       |     9 ||     9
       Potion            |       |     2 ||     2
  Eat: Chunk             |     3 |     4 ||     7
Armor: Skin              |    43 |    63 ||   106
Dodge: Dodged            |    90 |   143 ||   233
